Map: Glace et chrome EC

Players

MaSa - Winner!

  • Race: Terran Terran
  • Spawn Location: 1:00

FireFoX

  • Race: Zerg Zerg
  • Spawn Location: 7:00

Event: DreamHack SC2 Masters 2020 Summer North America

VOD

Have the link to the VOD?

Description

Time

  • Played on: June 30, 2020, 3:35 p.m.
  • Length: 18:55

All games in this series

Show
View Real Time Build Order
Export as new Build Order

MaSa Terran - Winner!

Build Orders: Reaper Expand 

Get SALT Encoding   

  12  0:00  SCV  
  13  0:12  SCV  
  14  0:17  Supply Depot  
  14  0:24  SCV  
  15  0:39  SCV  
  15  0:40  Barracks  
  16  0:42  Refinery  
  16  0:51  SCV  
  17  1:03  SCV  
  18  1:15  SCV  
  19  1:27  Reaper, Orbital Command  
  20  1:39  Command Center  
  20  1:47  Supply Depot  
  20  1:53  SCV  
  21  1:59  Barracks Reactor  
  21  2:05  SCV  
  22  2:17  Command Center  
  22  2:21  SCV  
  23  2:33  SCV  
  23  2:36  Barracks  
  24  2:37  Marine x2  
  26  2:46  SCV  
  26  2:47  Refinery  
  27  2:55  Orbital Command, Marine x2  
  29  2:59  SCV  
  30  3:10  Factory  
  30  3:13  Marine x2  
  30  3:15  SCV  
  33  3:25  Barracks Tech Lab  
  33  3:26  SCV  
  34  3:27  SCV  
  34  3:30  Orbital Command  
  35  3:34  Marine  
  35  3:35  Marine  
  35  3:38  SCV  
  37  3:45  SCV, Stimpack, Marine  
  39  3:50  SCV  
  40  3:56  Marine x2  
  40  3:57  SCV  
  40  3:58  SCV  
  40  4:02  SCV, Supply Depot  
  45  4:04  Marine  
  45  4:07  Starport  
  45  4:08  Factory Reactor  
  45  4:09  SCV  
  47  4:10  SCV  
  47  4:13  Marine  
  47  4:14  SCV  
  50  4:17  Barracks  
  50  4:18  Marine  
  50  4:21  SCV  
  52  4:27  SCV, Supply Depot  
  52  4:28  Refinery  
  52  4:29  SCV  
  54  4:31  Marine x2  
  54  4:34  SCV  
  54  4:36  Marine  
  58  4:39  SCV  
  58  4:42  Engineering Bay  
  59  4:47  Engineering Bay  
  59  4:48  SCV  
  60  4:52  Medivac x2  
  60  4:53  Factory Tech Lab  
  60  4:55  Marine x3  
  60  4:56  SCV  
  60  4:59  SCV  
  69  5:02  Supply Depot  
  69  5:03  Supply Depot  
  69  5:06  SCV  
  70  5:07  Barracks Reactor, Refinery  
  70  5:09  SCV  
  70  5:14  Terran Infantry Weapons Level 1  
  71  5:16  Terran Infantry Armor Level 1  
  71  5:18  SCV  
  71  5:20  Orbital Command  
  72  5:23  Barracks  
  72  5:24  Barracks  
  72  5:28  Supply Depot  
  72  5:29  Marine x2  
  72  5:31  SCV  
  72  5:34  SCV  
  76  5:38  Siege Tank  
  76  5:40  Combat Shield  
  76  5:41  Marine  
  80  5:45  SCV  
  80  5:46  SCV, Marine  
  80  5:47  Marine  
  80  5:48  Marine x2  
  80  5:49  SCV  
  87  5:53  Refinery  
  87  5:59  SCV x2, Marine  
  87  6:00  Medivac x2  
  94  6:04  Marine  
  94  6:05  SCV  
  94  6:11  SCV, Supply Depot  
  96  6:13  Barracks Reactor x2, Supply Depot  
  96  6:15  SCV  
  96  6:16  Marine  
  96  6:17  Marine x2  
  101  6:22  Armory  
  101  6:32  SCV, Marine x2  
  104  6:34  SCV, Marine x3  
  104  6:37  Medivac x2  
  110  6:40  SCV  
  110  6:44  SCV  
  110  6:46  Siege Tank  
  115  6:50  Marine x2  
  117  6:55  Supply Depot  
  117  6:56  Supply Depot  
  117  6:57  Marine  
  117  6:58  SCV x2, Supply Depot, Marine  
  117  7:09  Command Center  
  117  7:16  SCV  
  107  7:23  Medivac x2, Terran Infantry Weapons Level 2  
  107  7:26  Marine x6  
  107  7:27  Marine x2  
  107  7:28  SCV  
  111  7:36  Terran Infantry Armor Level 2  
  106  7:38  Marine  
  106  7:39  SCV x2  
  106  7:44  Marine x2  
  109  7:47  Marine x2  
  102  7:53  Medivac x2  
  102  7:54  Marine x4  
  102  7:55  SCV  
  106  8:00  Barracks x2  
  106  8:02  Marine  
  106  8:03  Marine x2  
  108  8:08  Marine x2  
  108  8:12  Marine x3  
  108  8:15  SCV x2  
  108  8:17  SCV, Barracks  
  111  8:21  Marine x2  
  111  8:23  Medivac x2  
  111  8:25  Sensor Tower  
  117  8:27  SCV  
  117  8:29  Marine x4  
  117  8:30  Marine x2  
  117  8:32  Supply Depot  
  117  8:33  Siege Tank  
  127  8:38  Terran Vehicle And Ship Armor Level 1  
  127  8:48  Barracks Tech Lab  
  127  8:49  Refinery, Barracks Tech Lab  
  127  8:50  Factory  
  127  8:52  Supply Depot x2  
  127  8:54  Marine x5  
  127  8:55  Marine x3  
  135  8:57  Medivac  
  133  9:05  Marine  
  133  9:07  Barracks Tech Lab  
  133  9:09  Widow Mine  
  136  9:10  Marine  
  136  9:11  Concussive Shells, Marauder  
  136  9:12  Marine x2  
  140  9:17  Barracks Tech Lab  
  140  9:19  Marine x3  
  140  9:20  Marine  
  140  9:24  Marauder  
  144  9:25  Planetary Fortress  
  144  9:28  Liberator  
  144  9:29  Marine, Liberator  
  144  9:30  Widow Mine  
  153  9:35  Factory Reactor  
  153  9:41  Marine x3  
  153  9:42  Marauder, Marine  
  153  9:45  Marine x3  
  159  9:46  Marauder, Marine x2  
  159  9:51  Widow Mine  
  168  9:55  Marine  
  168  9:59  Marine x4  
  160  10:03  Marauder, Marine x3  
  160  10:04  Marauder x2  
  160  10:06  Terran Infantry Weapons Level 3, Marine  
  170  10:07  Command Center  
  170  10:13  Marine  
  172  10:19  Widow Mine x2  
  172  10:20  Widow Mine, Marine x3  
  178  10:24  Marauder  
  180  10:31  Refinery  
  180  10:32  Supply Depot, Refinery  
  180  10:33  Supply Depot  
  180  10:35  Terran Vehicle And Ship Armor Level 2  
  180  10:37  Terran Infantry Armor Level 3  
  180  10:46  Marine  
  180  10:53  Marine x6  
  180  10:54  Marauder x2, Marine x2  
  180  10:55  Marauder  
  193  10:58  Widow Mine  
  193  10:59  Widow Mine x2  
  187  11:04  Marine  
  157  11:11  Marine x5  
  157  11:12  Marauder, Marine x2  
  157  11:15  Marauder, Marine  
  157  11:16  Marauder  
  161  11:20  Widow Mine x3  
  161  11:22  Marine  
  162  11:26  Medivac x2  
  162  11:29  Marine x5  
  162  11:30  Marine x2  
  171  11:33  Marauder  
  171  11:34  Marauder  
  171  11:36  Marine  
  171  11:37  Marine  
  160  11:40  Marine  
  160  11:41  Widow Mine x3  
  160  11:47  Marine x7  
  170  11:54  Marauder x2, Marine  
  170  11:55  Marauder  
  170  11:58  Marine  
  178  12:03  Widow Mine x3  
  178  12:04  Marine x5  
  178  12:05  Marine x2  
  170  12:13  Marauder  
  170  12:15  Marine x2  
  145  12:16  Marauder x2  
  145  12:22  Marine x5  
  125  12:23  Marine x2  
  125  12:24  Widow Mine x3  
  124  12:33  Orbital Command, Marine  
  124  12:34  Marine  
  124  12:36  SCV  
  124  12:37  Marine x2  
  108  12:40  Marine x4  
  114  12:45  Widow Mine x2  
  114  12:47  Liberator  
  114  12:49  SCV x3  
  119  12:58  SCV  
  119  13:00  Liberator  
  123  13:07  Barracks  
  123  13:11  Marauder, Marine x5  
  130  13:17  Widow Mine x3  
  130  13:19  SCV  
  138  13:20  SCV  
  138  13:21  SCV  
  138  13:27  Planetary Fortress  
  140  13:33  Sensor Tower  
  139  13:36  Sensor Tower  
  139  13:38  Widow Mine x2  
  139  13:39  Marauder, Marine x2  
  143  13:42  Liberator  
  143  13:44  Marine x2  
  148  13:49  Liberator  
  148  13:51  Marauder  
  153  13:57  Terran Vehicle And Ship Armor Level 3  
  153  14:02  Marine  
  153  14:03  Marauder  
  153  14:08  Widow Mine x2  
  156  14:13  Marauder  
  156  14:15  Barracks Tech Lab  
  152  14:21  SCV x3  
  155  14:28  Marauder  
  157  14:39  Marine x3  
  157  14:40  Marauder  
  157  14:44  Starport  
  162  14:52  Fusion Core  
  162  14:54  SCV  
  163  15:14  Marauder x2, Marine x5  
  149  15:15  Marine x2  
  149  15:19  Liberator  
  161  15:22  Marine x2  
  149  15:33  Marine  
  149  15:34  Marine  
  145  15:35  Marauder  
  145  15:36  Marauder  
  145  15:38  Liberator  
  145  15:42  Starport Reactor  
  147  15:44  Advanced Ballistics  
  143  16:00  Widow Mine  
  143  16:02  Liberator  
  134  16:08  Marauder, Marine  
  130  16:21  Medivac x2, Liberator  
  135  16:37  Marine x2  
  135  16:38  Command Center, Marauder  
  135  16:39  SCV  
  136  16:41  SCV  
  136  16:45  Liberator  
  138  16:49  SCV x2  
  138  16:50  SCV, Liberator  
  138  16:51  SCV  
  144  16:59  Marine x2  
  144  17:00  Marauder x2  
  144  17:05  Widow Mine x2  
  144  17:06  SCV  
  149  17:10  SCV x2  
  149  17:12  SCV  
  149  17:14  SCV  
  153  17:18  SCV, Marauder, Marine  
  157  17:24  SCV x3  
  157  17:25  Liberator  
  163  17:30  Supply Depot  
  163  17:34  Marauder x2, Marine x2  
  162  17:39  Liberator x3  
  162  17:40  Marauder  
  173  17:44  Marine  
  173  17:45  Marine x3  
  177  17:55  Marauder, Marine x2  
  177  17:56  Marauder  
  183  17:59  Marine x2  
  183  18:02  Marauder, Marine x2  
  189  18:10  Marine x2  
  191  18:14  Marine x2  
  191  18:17  Marauder x2  
  194  18:20  Missile Turret, Marine  
  194  18:21  Marine  
  194  18:22  Missile Turret, Marine x2  
  194  18:23  Marauder  
  194  18:26  SCV x5  
  197  18:28  Refinery  
  197  18:29  Refinery  
  197  18:38  SCV  
  194  18:43  Refinery x2  
Show
View Real Time Build Order
Export as new Build Order

FireFoX Zerg 

Build Orders: Hatch First 

Get SALT Encoding   

  12  0:00  Drone  
  13  0:08  Drone  
  14  0:16  Overlord  
  14  0:22  Extractor  
  14  0:23  Drone  
  15  0:35  Drone x2  
  17  0:51  Hatchery  
  17  0:54  Drone  
  17  0:58  Extractor  
  17  0:59  Drone  
  17  1:13  Spawning Pool  
  17  1:16  Drone  
  17  1:22  Drone  
  18  1:27  Drone  
  19  1:38  Overlord  
  19  2:00  Zergling x4, Queen, Metabolic Boost  
  23  2:05  Queen  
  25  2:10  Drone  
  25  2:13  Drone  
  27  2:16  Drone  
  28  2:23  Drone  
  29  2:34  Drone x2  
  31  2:40  Overlord  
  30  2:45  Queen  
  30  2:48  Pneumatized Carapace  
  32  2:58  Drone  
  32  2:59  Drone x2  
  35  3:06  Zergling x2  
  35  3:08  Drone x2  
  38  3:16  Drone  
  39  3:22  Hatchery  
  39  3:24  Drone  
  39  3:25  Queen  
  41  3:27  Overlord  
  41  3:33  Queen  
  43  3:36  Overlord  
  43  3:47  Overlord x2  
  43  3:57  Drone x3  
  43  3:58  Drone  
  43  4:00  Drone x2  
  49  4:04  Queen  
  49  4:07  Drone  
  52  4:12  Drone  
  52  4:14  Drone  
  54  4:21  Drone  
  55  4:26  Overlord  
  55  4:29  Drone  
  56  4:39  Queen  
  56  4:40  Zergling x10  
  56  4:42  Zergling x6  
  56  4:43  Zergling x2  
  67  4:46  Zergling x2  
  67  4:52  Hatchery, Drone  
  68  4:54  Drone  
  68  4:56  Drone  
  70  5:04  Overlord  
  70  5:05  Zergling x2  
  70  5:06  Lair  
  71  5:11  Drone x3  
  71  5:12  Baneling Nest  
  71  5:13  Zergling x2  
  74  5:15  Drone x5  
  74  5:16  Drone x2  
  74  5:18  Extractor  
  74  5:19  Extractor  
  79  5:25  Overlord  
  79  5:27  Zergling x4  
  79  5:28  Drone  
  82  5:34  Drone  
  83  5:39  Hatchery  
  82  5:43  Drone x5  
  87  5:50  Zergling x10  
  87  5:56  Overlord, Evolution Chamber  
  91  5:59  Evolution Chamber  
  87  6:13  Drone  
  87  6:14  Drone x8  
  87  6:16  Centrifical Hooks  
  96  6:21  Overlord x3  
  96  6:22  Overlord  
  96  6:23  Spore Crawler  
  96  6:25  Spore Crawler  
  94  6:26  Spore Crawler  
  94  6:27  Spore Crawler  
  94  6:28  Zergling x8  
  94  6:30  Baneling x4  
  96  6:35  Zergling x4  
  92  6:43  Zergling x8  
  92  6:45  Zerg Melee Weapons Level 1, Zerg Ground Armor Level 1  
  96  6:48  Zergling x2  
  96  6:49  Zergling x2  
  96  6:50  Zergling x2  
  96  6:51  Zergling x6  
  96  6:53  Zergling x6  
  105  6:55  Zergling x6  
  105  7:00  Zergling x4  
  105  7:01  Zergling x2  
  107  7:02  Baneling x5  
  107  7:07  Zergling x8  
  111  7:09  Drone  
  111  7:13  Baneling x6  
  111  7:16  Zergling x4  
  111  7:17  Zergling x4  
  111  7:19  Zergling x6  
  111  7:21  Zergling x2  
  108  7:24  Zergling x2  
  108  7:25  Zergling x2  
  108  7:29  Zergling x14  
  106  7:34  Zergling x2  
  106  7:35  Zergling x4  
  102  7:37  Zergling x2  
  102  7:38  Baneling  
  102  7:39  Zergling x2, Baneling x5  
  102  7:41  Zergling x2  
  103  7:44  Zergling x2  
  103  7:46  Zergling x2  
  103  7:49  Zergling x2  
  103  7:50  Zergling x2  
  97  7:57  Zergling x8  
  97  7:58  Baneling x6  
  95  7:59  Zergling x6  
  97  8:07  Zergling x4  
  97  8:10  Zergling x4  
  97  8:11  Zergling x2  
  98  8:13  Zergling x6  
  98  8:14  Queen  
  98  8:15  Zergling x2  
  98  8:18  Drone x3  
  107  8:21  Baneling x8  
  107  8:22  Baneling  
  107  8:26  Zergling x10  
  107  8:27  Zergling x4  
  112  8:29  Zergling x4  
  112  8:30  Zergling x2  
  112  8:31  Zergling x2  
  112  8:32  Zergling x4  
  118  8:34  Drone  
  118  8:37  Overlord x2  
  118  8:38  Extractor  
  118  8:39  Overlord, Extractor  
  114  8:45  Zergling x6  
  116  8:51  Overlord x3  
  116  8:52  Baneling  
  116  8:53  Baneling x9  
  114  8:59  Zergling x12  
  114  9:01  Zergling x8  
  114  9:02  Zergling x6  
  123  9:05  Drone x2  
  125  9:16  Zerg Ground Armor Level 2  
  123  9:18  Zergling x20  
  123  9:21  Zergling x4  
  123  9:23  Zerg Melee Weapons Level 2  
  135  9:29  Baneling x3  
  135  9:30  Zergling x6  
  135  9:31  Zergling x10  
  143  9:33  Zergling x4  
  143  9:35  Zergling x4  
  147  9:42  Zergling x6  
  147  9:45  Zergling x4  
  152  9:49  Zergling x6  
  145  10:01  Zergling x2  
  145  10:02  Zergling x16  
  145  10:05  Baneling x13  
  145  10:06  Baneling x3  
  153  10:09  Zergling x6  
  153  10:11  Overlord x2  
  152  10:15  Zergling x2  
  152  10:20  Baneling  
  152  10:21  Baneling x6  
  151  10:25  Zergling x6  
  151  10:26  Zergling x10  
  159  10:28  Zergling x4  
  159  10:29  Zergling x4  
  159  10:30  Baneling  
  159  10:31  Baneling x9  
  159  10:34  Overseer  
  163  10:35  Overlord  
  163  10:36  Zergling x6  
  163  10:37  Zergling x2  
  163  10:41  Zergling x4  
  169  10:43  Baneling x4  
  163  11:05  Zergling x12  
  163  11:06  Zergling x30  
  163  11:09  Zergling x2  
  163  11:10  Zergling x6  
  164  11:14  Drone  
  159  11:20  Baneling  
  159  11:21  Zergling x4, Baneling x12  
  159  11:22  Zergling x4  
  160  11:30  Zergling x4  
  160  11:31  Zergling x4  
  160  11:32  Zergling x6  
  152  11:43  Zergling x2  
  152  11:44  Zergling x12  
  157  11:47  Baneling  
  157  11:48  Zergling x6  
  157  11:50  Zergling x2  
  161  11:57  Baneling x4  
  161  11:58  Baneling x6  
  161  11:59  Zergling x4  
  158  12:06  Zergling x4  
  139  12:12  Zergling x8  
  139  12:13  Zergling x10  
  130  12:19  Zergling x2  
  130  12:20  Zergling x2  
  130  12:21  Zergling x2  
  116  12:23  Zergling x2  
  116  12:28  Zergling x2  
  109  12:30  Zergling x4  
  109  12:33  Zergling x2  
  93  12:39  Zergling x2  
  93  12:40  Zergling x2  
  93  12:43  Zergling x4  
  80  12:54  Zergling x8  
  80  12:55  Hydralisk Den  
  80  12:58  Baneling x4  
  83  12:59  Baneling x5  
  83  13:01  Zergling x4  
  83  13:02  Zergling x2  
  83  13:05  Zergling x2, Queen  
  87  13:07  Baneling  
  87  13:08  Baneling x11  
  87  13:12  Zergling x2  
  90  13:16  Hatchery  
  90  13:17  Overseer  
  90  13:18  Zergling x6  
  92  13:23  Baneling x5  
  92  13:24  Baneling x5  
  92  13:26  Drone x3  
  95  13:29  Grooved Spines  
  95  13:30  Hydralisk  
  97  13:38  Hydralisk x2  
  98  13:43  Hydralisk  
  100  13:49  Hydralisk  
  100  13:50  Zergling x6  
  100  13:53  Drone  
  100  13:54  Drone  
  101  14:07  Hydralisk x3  
  102  14:15  Hydralisk  
  102  14:17  Hydralisk  
  99  14:19  Zergling x2  
  99  14:22  Zergling x2  
  102  14:29  Hydralisk x2  
  104  14:34  Drone x2  
  104  14:35  Drone  
  104  14:37  Extractor  
  106  14:38  Zergling x4  
  106  14:41  Muscular Augments, Baneling x3  
  108  14:47  Hydralisk  
  108  14:48  Hydralisk  
  112  14:54  Hydralisk x2  
  112  14:58  Zergling x8  
  112  14:59  Zergling x2  
  114  15:10  Hydralisk  
  114  15:11  Hydralisk x2  
  114  15:12  Zergling x4  
  115  15:16  Baneling  
  115  15:17  Baneling x2  
  114  15:21  Zergling x4  
  109  15:28  Zergling x8  
  109  15:29  Overseer  
  109  15:34  Hydralisk  
  110  15:41  Zergling x6  
  110  15:42  Hydralisk x2  
  112  15:47  Hydralisk  
  112  15:48  Hydralisk  
  119  15:51  Baneling x2  
  119  15:52  Baneling  
  119  15:56  Baneling  
  119  15:57  Baneling  
  119  15:59  Zergling x6  
  119  16:03  Zergling x4  
  114  16:05  Zergling x2  
  110  16:13  Zergling x4  
  110  16:14  Zergling x2, Overseer x2  
  110  16:15  Zergling x2  
  110  16:18  Zergling x2  
  112  16:19  Zergling x2  
  112  16:20  Zergling x2  
  112  16:23  Zergling x2  
  112  16:25  Baneling x4  
  115  16:29  Zergling x4  
  117  16:39  Overlord x2  
  116  16:52  Zergling x4  
  112  17:03  Zergling x12  
  112  17:04  Zergling x2  
  118  17:12  Zergling x6  
  118  17:13  Baneling x4  
  121  17:17  Hydralisk  
  121  17:20  Hatchery  
  121  17:22  Spine Crawler  
  121  17:24  Spine Crawler  
  121  17:27  Baneling x2  
  110  17:46  Zergling x26  
  110  17:47  Zergling x2  
  124  17:53  Hydralisk  
  125  18:02  Hydralisk  
  125  18:05  Baneling x4  
  118  18:30  Zergling x4  
  118  18:31  Baneling  
  118  18:32  Baneling x5  
Tags
 
Add a new tag
Caveats
  • Supply blocks, unpowered buildings, or Contaminate may cause inaccurate times.
  • Supply counts are checked every 10 seconds.